 Dungeon Crawl Stone Soup version 0.19-a0-1740-g0bcaf2e (webtiles) character file.

53 Amnesiac the Magician (level 3, -1/24 HPs)
             Began as a Mummy Earth Elementalist on Oct 1, 2016.
             Slain by a hound (6 damage)
             ... on level 4 of the Dungeon.
             The game lasted 00:02:29 (935 turns).

Amnesiac the Magician (Mummy Earth Elementalist)     Turns: 935, Time: 00:02:29

Health: -1/24      AC:  2    Str: 11    XL:     3   Next: 62%
Magic:  0/7        EV: 12    Int: 14    God:
Gold:   35         SH:  0    Dex: 13    Spells: 2 memorised, 5 levels left

rFire  x . .     SeeInvis .     b - 4 stones
rCold  + . .     Gourm    .     c - +0 robe
rNeg   + + +     Faith    .     (no shield)
rPois  ∞         Spirit   .     (no helmet)
rElec  .         Dismiss  .     (no cloak)
rCorr  .         Reflect  .     (no gloves)
MR     .....     Harm     .     (no boots)
Stlth  ++........               (no amulet)
                                (no ring)
                                (no ring)

@: very slightly contaminated
A: no food or potions, fire vulnerability, cold resistance 1, negative energy
resistance 3, torment resistance, unbreathing
a: no special abilities


You were on level 4 of the Dungeon.
You were not hungry.

You visited 1 branch of the dungeon, and saw 4 of its levels.

You collected 35 gold pieces.

Inventory:

Missiles
 b - 4 stones (in hand)
Armour
 c - a +0 robe (worn)
Scrolls
 f - a scroll of noise {unknown}
 g - a scroll of identify {unknown}
 h - a scroll of enchant weapon
Books
 d - a book of Geomancy

   Spells                             Type                      Level
   a - Sandblast                      Earth                        1
   b - Passwall                       Transmutation/Earth          2
   c - Stone Arrow                    Conjuration/Earth            3
   d - Petrify                        Transmutation/Earth          4
   e - Lee's Rapid Deconstruction     Earth                        5


   Skills:
 - Level 1.5 Dodging
 - Level 1.5 Stealth
 + Level 3.1 Spellcasting
 - Level 1.0 Transmutations
 - Level 3.0 Earth Magic


You had 5 spell levels left.
You knew the following spells:

 Your Spells              Type           Power        Failure   Level  Hunger
f - Sandblast             Erth           ##....       10%         1    N/A
v - Passwall              Tmut/Erth      #.........   17%         2    N/A

Dungeon Overview and Level Annotations

Branches:
Dungeon (4/15)
 Temple: D:4-7

Altars:

Annotations:
D:4 exclusion: worker ant


Innate Abilities, Weirdness & Mutations

You do not eat or drink.
Your flesh is vulnerable to fire.
You are immune to poison.
Your flesh is cold resistant. (rC+)
You are immune to negative energy. (rN+++)
You are immune to unholy pain and torment.
You can survive without breathing.


Message History

Aim: a hound (severely wounded)
The rocky blast hits the hound.
The hound is severely wounded.
The hound misses you. The hound barely misses you.
Unknown command.
Casting: Sandblast
Confirm with . or Enter, or press ? or * to list all spells.
Aiming: Sandblast
Press: ? - help, Shift-Dir - straight line, f/p - hound
Aim: a hound (severely wounded)
The rocky blast misses the hound.
The hound bites you.
* * * LOW HITPOINT WARNING * * *
Unknown command.
Unknown command.
The hound closely misses you.
As you read the scroll labeled YTIBIS ZAGIA, it crumbles to dust.
It is a scroll of enchant weapon.
You aren't carrying any weapons that can be enchanted.
The hound bites you.
You die...

#####+####.....#######
a....................#
#.###.####......#
######..##.#..'......+
........##.#.##......#
........##.#.##......#
........##.#.##......#
###...#..#.#.##......#
#...!.......'h@..<.#
###+###...#.##......#
#.........#.#########
#....(....#.#
#.......#>#.#
#.......###+##
#............#
###'###......#
####'###......#


You could see a hound.

Vanquished Creatures
  A hound (D:4)
  An adder (D:4)
  A leopard gecko (D:1)
  A bat (D:3)
  A giant cockroach (D:3)
  A goblin (D:1)
  2 hobgoblins (D:1)
  2 ball pythons (D:1)
  3 kobolds
  A rat (D:3)
14 creatures vanquished.

Notes
Turn   | Place    | Note
-------+----------+-------------------------------------------
     0 | D:1      | Amnesiac the Mummy Earth Elementalist began the quest for the Orb.
     0 | D:1      | Reached XP level 1. HP: 13/13 MP: 3/3
   484 | D:1      | Reached XP level 2. HP: 19/19 MP: 1/5
   499 | D:1      | Learned a level 2 spell: Passwall
   640 | D:3      | Reached skill level 1 in Transmutations
   876 | D:4      | Reached XP level 3. HP: 16/24 MP: 0/7
   935 | D:4      | Slain by a hound

Vault maps used:
D:1:      dpeg_arrival_signposts, bh_walls_and_bars
D:2:      hangedman_decor_growths, minmay_tree_intersection, uniq_terence,
          uniq_robin, uniq_natasha
D:4:      serial_shops, nicolae_shop_temple_entry_statues_fountains,
          minmay_liquid_box

Skill      XL: |  1  2 |
---------------+-------+-----
Earth Magic    | 3 |  3.0
Transmutations | 1 |  1.0
Spellcasting   | 3 |  3.1
Dodging        | |  1.5
Stealth        | |  1.5

Action                   || total
-------------------------++-------
 Cast: Sandblast         ||    30
  Use: Scroll            ||     3
Dodge: Dodged            ||    20
